 Dungeon Crawl Stone Soup version 0.20.0-10-g0535bb4 (webtiles) character file.

5 Manul the Skirmisher (level 1, -8/16 HPs)
             Began as an Octopode Abyssal Knight on June 5, 2017.
             Was a Follower of Lugonu.
             Mangled by a thrashing horror (17 damage)
             ... on level 2 of the Abyss.
             The game lasted 00:01:04 (324 turns).

Manul the Skirmisher (Octopode Abyssal Knight)       Turns: 324, Time: 00:01:04

Health: -8/16      AC:  1    Str: 11    XL:     1   Next: 80%
Magic:  2/2        EV: 13    Int: 14    God:    Lugonu [*.....]
Gold:   10         SH:  0    Dex: 11    Spells: 0/0 levels left

rFire    . . .     SeeInvis .   a - +2 short sword
rCold    . . .     Gourm    .   (no shield)
rNeg     . . .     Faith    .   (helmet restricted)
rPois    .         Spirit   .   (no amulet)
rElec    .         Reflect  .   (no ring)
rCorr    .         Harm     .   (no ring)
MR       .....                  (no ring)
Stlth    ++........             (no ring)
Regen    0.1/turn               (no ring)
MPRegen  0.1/turn               (no ring)
                                (no ring)
                                (no ring)

@: no status effects
A: almost no armour, stealthy swim, amphibious, 8 rings, constrict 8, camouflage
1, gelatinous body 1
a: Depart the Abyss, Renounce Religion


You were on level 2 of the Abyss.
You worshipped Lugonu.
Lugonu was aware of your devotion.
You were not hungry.

You visited 0 branches of the dungeon, and saw 0 of its levels.
You visited the Abyss 1 time.

You collected 10 gold pieces.

Inventory:

Hand Weapons
 a - a +2 short sword (weapon)
Jewellery
 f - the ring of the Imp {+Blink rPois rC++ MR+ SInv, unknown}
   (You found it on level 2 of the Abyss)

   [ring of see invisible]

   It greatly protects you from cold.
   It protects you from poison.
   It affects your resistance to hostile enchantments.
   It lets you see invisible.
   It lets you blink.
Wands
 g - a wand of lightning (5/15)
Potions
 c - a potion of curing {unknown}
 e - a potion of heal wounds {unknown}
Comestibles
 b - a bread ration
 d - 2 meat rations


   Skills:
 + Level 3.1 Fighting
 + Level 2.0 Short Blades
 + Level 2.5 Dodging
 + Level 2.0 Invocations


You couldn't memorise any spells.
You didn't know any spells.

Dungeon Overview and Level Annotations

Branches:
Dungeon (0/15)

Altars:


Innate Abilities, Weirdness & Mutations

You cannot wear most types of armour.
You are very stealthy in the water. (Stealth+)
You are amphibious.
You can wear up to eight rings at the same time.
You can use your tentacles to constrict eight enemies at once.
Your skin changes colour to match your surroundings (Stealth+).
Your rubbery body absorbs attacks. (AC +1, EV +1)


Message History

As you read the scroll labeled ESTROJ CUAROSM, it crumbles to dust.
It is a scroll of amnesia.
You feel forgetful for a moment.
A kobold demonologist comes into view. It is wielding a dagger.
A white imp comes into view.
Found a black potion and a bubbling inky potion.
c - a black potion
e - a bubbling inky potion A thrashing horror erupts from nowhere.
The thrashing horror roars!
Found a cloak.
The worldbinder misses you. The worldbinder hits you.
A worldbinder comes into view.
You hit the worldbinder but do no damage.
You grab the worldbinder. You squeeze the worldbinder!
The worldbinder is lightly damaged.
You constrict the worldbinder, but do no damage.
The thrashing horror tramples you!
Ouch! That really hurt!
You die...

...###.#
#.###..####
#..#...#..## .
...###.#.####
###
.#..#.##... #
.....#..#
##..#.##..# ..
..#ยง.#..#X#
#.#.#X.X.#.#@#
#.###....
##x...# . #
...#### ...#.#
..#.##.. #..#
. # .## ..# ##
##. #. ##


You could see a thrashing horror and a worldbinder.

Vanquished Creatures
  An ufetubus (Abyss:1)
1 creature vanquished.

Notes
Turn   | Place    | Note
-------+----------+-------------------------------------------
     0 | Abyss:1  | Manul the Octopode Abyssal Knight began the quest for the Orb.
     0 | Abyss:1  | Reached XP level 1. HP: 16/16 MP: 2/2
    23 | Abyss:1  | Found a corrupted altar of Lugonu.
    48 | Abyss:1  | Noticed a small abomination
   229 | Abyss:2  | Got a serpentine pewter ring
   277 | Abyss:2  | Noticed a kobold demonologist
   320 | Abyss:2  | Noticed a thrashing horror
   324 | Abyss:2  | Noticed a worldbinder
   324 | Abyss:2  | Mangled by a thrashing horror

Action                   || total
-------------------------++-------
Melee: Short sword       ||     6
       Constrict         ||     2
       Tentacles         ||     1
  Use: Scroll            ||     3
Dodge: Dodged            ||     9
